 Dungeon Sprint DCSS version 0.32-a0-12-g7fc57aa741 (webtiles) character file.

Game seed: 9365504665021095429

3363 Ambrosia the Spear-Bearer (level 9, -2/95 HPs)
             Began as a Minotaur Berserker on Jan 14, 2024.
             Was a High Priest of Trog.
             Slain by Kirke (15 damage)
             ... in the Dungeon (Sprint II: "The Violet Keep of Menkaure").
             The game lasted 00:04:40 (1015 turns).

Ambrosia the Spear-Bearer (Minotaur Berserker)      Turns: 1015, Time: 00:04:41

Health: -2/95      AC:  0    Str: 26    XL:     9   Next: 73%
Magic:  8/8        EV: 14    Int:  4    God:    Trog [*****.]
Gold:   276        SH:  0    Dex: 10    Spells: 8/8 levels left

rFire   . . .        c - melded +1 spear (flame)
rCold   . . .        (shield currently unavailable)
rNeg    . . .        k - melded +5 chain mail {rC+}
rPois   .            (helmet currently unavailable)
rElec   .            (cloak currently unavailable)
rCorr   .            j - melded +0 pair of gloves
SInv    .            i - melded +0 pair of boots
Will    ++...        (no amulet)
Stlth   +            (ring currently unavailable)
HPRegen 1.35/turn    (ring currently unavailable)
MPRegen 0.11/turn

%: no teleportation
@: pig-form, strong-willed, on berserk cooldown, regenerating, slowed
A: fast, no casting, small, (horns 2), (retaliatory headbutt)
a: Renounce Religion, Berserk, Trog's Hand, Brothers in Arms


You were in the Dungeon.
You worshipped Trog.
Trog was extremely pleased with you.
You were a filthy swine.
You visited 1 branch You collected 1134 gold pieces.
You spent 858 gold pieces at shops.

Inventory:

Hand Weapons
 a - a +0 halberd
 c - a +1 spear of flaming (melded)
Armour
 b - a +0 animal skin
 i - a +0 pair of boots (melded)
 j - a +0 pair of gloves (melded)
 k - a +5 chain mail of cold resistance (melded)
Potions
 f - 2 potions of magic
 g - a potion of berserk rage


   Skills:
 + Level 14.0 Fighting
 + Level 14.0 Polearms
 + Level 13.7 Armour
 - Level 2.1 Dodging
 + Level 13.5 Shields


You had 8 spell levels left.
You didn't know any spells.
Your spell library was empty.

Dungeon Overview and Level Annotations

Branches:
Dungeon (1/1) Zot: 27000

Altars:

Shops:
D (=:=[!?*:[:?=!(

Annotations:
D exclusion: oklob plant, Kirke


Innate Abilities, Weirdness & Mutations

You are a filthy swine.
You move quickly.
Your equipment is almost entirely melded.
You are incapable of wielding weapons or throwing items.
You cannot cast spells.
((You have a pair of horns on your head.))
((You reflexively headbutt those who attack you in melee.))


Message History

Your +0 pair of gloves melds into your body.
Your +0 pair of boots melds into your body.
Your +5 chain mail of cold resistance melds into your body.
Your +1 spear of flaming stops flaming.
You feel less resistant to cold.
You hit Kirke.
Kirke is lightly wounded.
Kirke hits you!
You take 7 damage, and have 30/95 hp.
Unknown command.
You hit Kirke.
Kirke is lightly wounded.
Kirke gestures at you while chanting.
You feel a momentary urge to oink.
Okay, then.
You barely miss Kirke.
Kirke is lightly wounded.
Kirke hits you!
* * * LOW HITPOINT WARNING * * *
You take 6 damage, and have 24/95 hp.
You bite Kirke!
Kirke is lightly wounded.
Kirke whispers, "No Minotaur can resist me..."
Kirke completely misses you. Kirke hits you!
* * * LOW HITPOINT WARNING * * *
You take 14 damage, and have 10/95 hp.
You hit Kirke.
Kirke is lightly wounded.
Kirke closely misses you.
Unknown command.
Your skin crawls.
You feel strong-willed. Kirke misses you.
You regained 2 hp, and now have 12/95 hp.
Unknown command.
The polar bear growls angrily.
You hear an angry growl.
Kirke hits you.
* * * LOW HITPOINT WARNING * * *
The black bear growls angrily.
Kirke attacks as she pursues you! Kirke hits you!
You die...

# Kz#### c.~## §
############~~#+++#+
###########~~~......
##........#J~~~.#
##...⌠....#J~~~###
##.@∩.∩...#J~~~#..##
##.h...∩..#~~####...
##∩.∩.∩.∩.#~##.###'#
##.∩...∩.∩#)#...##.#
##∩.....∩.K~'##.'.<†
##.......∩#~#...##.#
#▓▓▓▓▓▓▓###~##.###'#
##?hY######~~####...
#$$.#h$ ##†~~#.)#.
#∩PY+h.# #'#~##...


You could see Kirke, a polar bear, a kobold demonologist (wandering), a yak and
a black bear.

Vanquished Creatures
  A yaktaur captain (D)
  A centaur warrior (D)
  A skeletal warrior (D)
  An elephant (D)
  A merfolk siren (D)
  4 neqoxecs (D)
  Menkaure (D)
  4 necrophages (D)
  A hell rat (D)
  2 ribbon worms (D)
17 creatures vanquished.

Vanquished Creatures (others)
  A crocodile (D)
1 creature vanquished.

Grand Total: 18 creatures vanquished

Notes
Turn   | Place    | Note
-------+----------+-------------------------------------------
     0 | D        | Ambrosia the Minotaur Berserker began the quest for the
                  | Orb.
     0 | D        | Reached XP level 1. HP: 19/19 MP: 0/0
     1 | D        | Noticed a necrophage
     1 | D        | Noticed a necrophage
     1 | D        | Noticed a necrophage
     1 | D        | Noticed a necrophage
    12 | D        | Killed a necrophage
    13 | D        | Reached skill level 5 in Fighting
    13 | D        | Reached skill level 5 in Polearms
    13 | D        | Reached skill level 5 in Armour
    13 | D        | Reached XP level 2. HP: 23/30 MP: 1/1
    13 | D        | Reached XP level 3. HP: 28/37 MP: 2/2
    15 | D        | Killed a necrophage
    16 | D        | Reached skill level 5 in Shields
    16 | D        | Reached XP level 4. HP: 33/45 MP: 3/3
    28 | D        | Killed a necrophage
    28 | D        | Reached ** piety under Trog
    29 | D        | Reached XP level 5. HP: 18/52 MP: 4/4
   117 | D        | Killed a crocodile
   284 | D        | Noticed a neqoxec
   284 | D        | Noticed a neqoxec
   284 | D        | Noticed a neqoxec
   284 | D        | Noticed a neqoxec
   288 | D        | Killed a neqoxec
   289 | D        | Reached XP level 6. HP: 63/63 MP: 5/5
   291 | D        | Killed a neqoxec
   293 | D        | Killed a neqoxec
   293 | D        | Reached *** piety under Trog
   294 | D        | Reached skill level 10 in Fighting
   294 | D        | Reached skill level 10 in Polearms
   294 | D        | Reached XP level 7. HP: 72/72 MP: 6/6
   296 | D        | Killed a neqoxec
   297 | D        | Reached skill level 10 in Armour
   474 | D        | Noticed a merfolk siren
   498 | D        | Killed a merfolk siren
   498 | D        | Reached **** piety under Trog
   499 | D        | Reached skill level 10 in Shields
   499 | D        | Reached XP level 8. HP: 48/82 MP: 7/7
   617 | D        | Found Tempi's Distillery.
   617 | D        | Found Zaclicze's Magic Scroll Shop.
   617 | D        | Found Midibb's Book Boutique.
   617 | D        | Found Jasics's Antique Armour Boutique.
   617 | D        | Found Paopneff's General Store.
   618 | D        | Found Esaxtoug's Antique Weapon Shop.
   618 | D        | Found Xosogael's Book Shop.
   619 | D        | Found Cehoe's Magic Scroll Shop.
   619 | D        | Found Syugecs's Distillery.
   620 | D        | Found Subuuca's Jewellery Boutique.
   620 | D        | Noticed a polar bear
   620 | D        | Noticed a polar bear
   621 | D        | Found Jokaas's Antique Armour Shop.
   621 | D        | Found Ycsikhli's Jewellery Boutique.
   621 | D        | Noticed Menkaure
   621 | D        | Noticed an oklob plant
   622 | D        | Found Guf Xairph's Jewellery Shop.
   622 | D        | Found Hocut's Weapon Boutique.
   622 | D        | Found Xiwkae's Book Shoppe.
   636 | D        | Killed Menkaure
   727 | D        | Reached ***** piety under Trog
   751 | D        | Bought a scroll of enchant armour for 97 gold pieces
   751 | D        | Bought a scroll of brand weapon for 123 gold pieces
   751 | D        | Bought a scroll of enchant armour for 97 gold pieces
   751 | D        | Bought a scroll of enchant weapon for 97 gold pieces
   775 | D        | Bought a pair of boots for 121 gold pieces
   775 | D        | Bought a pair of gloves for 121 gold pieces
   775 | D        | Bought a glowing chain mail for 202 gold pieces
   814 | D        | Noticed a centaur warrior
   814 | D        | Noticed Kirke
   814 | D        | Noticed a yaktaur captain
   815 | D        | Noticed a kobold demonologist
   815 | D        | Noticed a skeletal warrior
   841 | D        | Killed a yaktaur captain
   893 | D        | Noticed an elephant
   906 | D        | Killed a centaur warrior
   907 | D        | Reached XP level 9. HP: 13/93 MP: 8/8
   908 | D        | HP: 4/139 [elephant (10)]
   914 | D        | Killed an elephant
   997 | D        | Killed a skeletal warrior
  1015 | D        | Slain by Kirke

Illustrated notes

Levels and vault maps discovered:
D:        the_violet_keep_of_menkaure [sprint2_stairs_cluster_1,
          sprint2_shoproom, sprint2_temple, sprint2_basic_supplies,
          sprint2_obstacle_1, sprint2_obstacle_6, sprint2_obstacle_5,
          sprint2_obstacle_7, sprint2_obstacle_2, sprint2_timed_cluster_1,
          sprint2_smallroom_cluster_1, sprint2_smallroom_final_cluster_1,
          sprint2_transparent_cluster_1, sprint2_second_timed_cluster_1,
          sprint2_sniper_area_1, sprint2_heavy_combat_area_1,
          sprint2_mutation_trap_area_1, sprint2_forest_area_1,
          sprint2_light_combat_area_1, sprint2_behind_water_1,
          sprint2_near_end_vault_1]

Skill      XL: |  1  2  3  4  5  6  7  8  9 |
---------------+----------------------------+-----
Fighting       | 5 6 7 9 10 11 13 14 | 14.0
Polearms       | 5 6 7 9 10 11 13 14 | 14.0
Armour         | 5 6 7 8 9 11 13 | 13.7
Shields        | 4 5 6 8 9 10 12 13 | 13.5
Dodging        | |  2.1

Action                     |  1- 3 |  4- 6 |  7- 9 || total
---------------------------+-------+-------+-------++-------
  Melee: Spear             |    12 |    23 |    71 ||   106
         Headbutt          |     1 |     7 |    15 ||    23
         Unarmed           |       |       |     5 ||     5
 Invoke: Berserk           |     1 |     1 |     3 ||     5
         Trog's Hand       |       |       |     1 ||     1
    Use: Potion            |       |     3 |       ||     3
         Scroll            |       |       |     5 ||     5
 Armour: Animal skin       |     4 |    13 |     5 ||    22
         Chain mail        |       |       |    21 ||    21
         Skin              |       |       |     5 ||     5
  Dodge: Dodged            |     2 |     9 |    14 ||    25

Table legend: (Time is in decaauts)
 A = Elapsed time spent in this place.
 B = Non-inter-level travel time spent in this place.
 C = Inter-level travel time spent in this place.
 D = Time resting spent in this place.
 E = Time spent auto-exploring this place.
 F = Levels seen in this place.
 G = Mean time per level.
                   A        B        C        D        E       F      G
               +--------+--------+--------+--------+--------+-----+--------+
         Total |   1007 |   1000 |      7 |    614 |     68 |   1 | 1007.0 |
       Dungeon |   1007 |   1000 |      7 |    614 |     68 |   1 | 1007.0 |
               +--------+--------+--------+--------+--------+-----+--------+

Top non-repeatable levels by time:
       D: 1007 daAuts
